 Dungeon Crawl Stone Soup version 0.22.1-1-ga44c0e5 (webtiles) character file.

105 Zebedee the Conjurer (level 4, -12/25 HPs)
             Began as a Deep Elf Conjurer on Sept 30, 2018.
             Killed by nerve-wracking pain
             ... invoked by Grinder
              (13 damage)
             ... on level 3 of the Dungeon.
             The game lasted 00:04:24 (1893 turns).

Zebedee the Conjurer (Deep Elf Conjurer)            Turns: 1893, Time: 00:04:25

Health: -12/25     AC:  2    Str:  6    XL:     4   Next: 54%
Magic:  8/12       EV: 13    Int: 20    God:
Gold:   123        SH:  0    Dex: 15    Spells: 8/11 levels left

rFire    . . .     SeeInvis .   d - +2 dagger (speed)
rCold    . . .     Gourm    .   (no shield)
rNeg     . . .     Faith    .   a - +0 robe
rPois    .         Spirit   .   (no helmet)
rElec    .         Reflect  .   (no cloak)
rCorr    .         Harm     .   (no gloves)
MR       .....                  (no boots)
Stlth    ++........             h - amulet of regeneration
HPRegen  0.48/turn              (no ring)
MPRegen  0.13/turn              (no ring)

@: berserk cooldown, slowed, very slow
A: no striking features
a: no special abilities


You were on level 3 of the Dungeon.
You were not hungry.

You visited 1 branch of the dungeon, and saw 3 of its levels.

You collected 123 gold pieces.

Inventory:

Hand Weapons
 d - a +2 dagger of speed (weapon)
Armour
 a - a +0 robe (worn)
Jewellery
 h - an amulet of regeneration (around neck)
Scrolls
 f - a scroll of enchant weapon {unknown}
 j - a scroll of enchant armour {unknown}
 l - a scroll of blinking {unknown}
 m - a scroll of immolation {unknown}
 o - a scroll of teleportation {unknown}
Potions
 b - a potion of agility {unknown}
 e - a potion of brilliance {unknown}
 i - a potion of cancellation {unknown}
 k - a potion of berserk rage
 n - a potion of degeneration {unknown}
Comestibles
 c - 5 rations
 g - 6 chunks of flesh


   Skills:
 * Level 1.0 Fighting
 - Level 2.4 Dodging
 - Level 2.4 Stealth
 + Level 4.0 Spellcasting
 + Level 5.9 Conjurations


You had 8 spell levels left.
You knew the following spells:

 Your Spells              Type           Power        Failure   Level  Hunger
a - Magic Dart            Conj           ####         1%          1    None
b - Searing Ray           Conj           ####..       1%          2    #......

Your spell library contained the following spells:

 Spells                   Type           Power        Failure   Level  Hunger
 Iskenderun's Mystic Bla  Conj           ####....     11%         4    ####...
 Dazzling Spray           Conj/Hex       ###...       12%         3    ###....
 Force Lance              Conj/Tloc      ###.....     36%         4    ####...
 Fulminant Prism          Conj/Hex       ###.......   36%         4    ####...


Dungeon Overview and Level Annotations

Branches:
Dungeon (3/15)

Altars:
Hepliaklqana
Ru
Xom

Annotations:
D:2 exclusion: downstairs
D:3 Grinder


Message History

Aiming: Searing Ray (safe; 1% risk of failure)
Press: ? - help, Shift-Dir - straight line, f/p - Grinder
Aim: Grinder (lightly wounded, unusually strong)
The searing ray hits Grinder.
Grinder is moderately wounded. (Press . to maintain the ray.) Grinder hits you.
You writhe in agony.
Grinder barely misses you.
The searing ray misses Grinder.
The rat bites you. Grinder closely misses you.
The searing ray hits Grinder.
Grinder is heavily wounded.
The rat closely misses you. Grinder hits you!
Ouch! That really hurt!
* * * LOW HITPOINT WARNING * * *
You writhe in agony.
* * * LOW HITPOINT WARNING * * *
The rat bites you but does no damage. Grinder gestures at you.
Pain shoots through your body!
Ouch! That really hurt!
You die...

#...# ######.#
#...# #...# .#
#.).#####...##+#.
#.......).......#
#.....(.........#
####............#
#............#
#............#
#.....@......+
#....r5..%...#
#............#
..............#
..............#
..............#
....###########
....


You could see Grinder and a rat.

Vanquished Creatures
  An orc priest (D:3)
  An adder (D:2)
  3 worms (D:2)
  3 dart slugs
  2 orcs (D:3)
  A ball python (D:1)
  2 giant cockroaches
  10 goblins
  8 hobgoblins
  6 bats
  A frilled lizard (D:2)
  3 kobolds
  8 rats
49 creatures vanquished.

Notes
Turn   | Place    | Note
-------+----------+-------------------------------------------
     0 | D:1      | Zebedee the Deep Elf Conjurer began the quest for the Orb.
     0 | D:1      | Reached XP level 1. HP: 10/10 MP: 6/6
   317 | D:1      | Reached XP level 2. HP: 15/15 MP: 4/8
   405 | D:1      | Reached skill level 5 in Conjurations
   739 | D:2      | Learned a level 2 spell: Searing Ray
   758 | D:2      | Reached XP level 3. HP: 19/19 MP: 3/9
  1073 | D:2      | Found a hazy altar of Hepliaklqana.
  1076 | D:2      | Found a shimmering altar of Xom.
  1076 | D:2      | Noticed an insubstantial wisp
  1077 | D:2      | Noticed a spectral ugly thing
  1077 | D:2      | Noticed an insubstantial wisp
  1582 | D:3      | Reached XP level 4. HP: 24/24 MP: 8/11
  1694 | D:3      | Found a sacrificial altar of Ru.
  1739 | D:3      | Reached skill level 1 in Fighting
  1879 | D:3      | Noticed Grinder
  1893 | D:3      | HP: 1/25 [Grinder (3)]
  1893 | D:3      | Killed from afar by Grinder

Skill      XL: |  1  2  3  4 |
---------------+-------------+-----
Conjurations   | 5 |  5.9
Fighting       | 1 |  1.0
Spellcasting   | 4 |  4.0
Dodging        | |  2.4
Stealth        | |  2.4

Action                   |  1- 3 |  4- 6 || total
-------------------------+-------+-------++-------
Melee: Dagger            |     5 |     6 ||    11
 Cast: Magic Dart        |    81 |    15 ||    96
       Searing Ray       |       |     1 ||     1
  Use: Potion            |       |     1 ||     1
  Eat: Chunk             |     2 |     1 ||     3
Armor: Robe              |       |     1 ||     1
Dodge: Dodged            |     1 |     6 ||     7
